 Dungeon Crawl Stone Soup version 0.21-a0-538-gd16b88a (webtiles) character file.

46 mopl the Sneak (level 3, 0/24 HPs)
             Began as a Formicid Enchanter on Dec 15, 2017.
             Succumbed to an adder's poison
             ... on level 2 of the Dungeon.
             The game lasted 00:03:06 (1607 turns).

mopl the Sneak (Formicid Enchanter)                 Turns: 1607, Time: 00:03:07

Health: 0/24       AC:  2    Str: 12    XL:     3   Next: 92%
Magic:  5/7        EV: 12    Int: 19    God:
Gold:   28         SH:  4    Dex: 12    Spells: 1/7 levels left

rFire    . . .     SeeInvis +   a - +1 dagger
rCold    . . .     Gourm    .   (no shield)
rNeg     . . .     Faith    .   b - +0 robe
rPois    .         Spirit   .   (helmet unavailable)
rElec    .         Reflect  +   (no cloak)
rCorr    .         Harm     .   (no gloves)
MR       .....                  (no boots)
Stlth    ++........             l - +4 amulet of reflection
HPRegen  0.08/turn              (no ring)
MPRegen  0.10/turn              (no ring)

@: brilliant, lethally poisoned (0 -> -14)
A: permanent stasis, dig shafts and tunnels, four strong arms, antennae 3
a: Dig, Shaft Self


You were on level 2 of the Dungeon.
You were not hungry.

You visited 1 branch of the dungeon, and saw 2 of its levels.

You collected 28 gold pieces.

Inventory:

Hand Weapons
 a - a +1 dagger (weapon)
 j - a +0 short sword
 q - a +0 great sword
Armour
 b - a +0 robe (worn)
Jewellery
 l - a +4 amulet of reflection (around neck)
Scrolls
 f - a scroll of noise {unknown}
 g - 2 scrolls of teleportation {unknown}
 i - 2 scrolls of identify {unknown}
 r - a scroll of remove curse {unknown}
Potions
 e - a potion of degeneration {unknown}
 k - a potion of ambrosia {unknown}
 m - a potion of flight {unknown}
 o - a potion of curing {unknown}
 p - a potion of mutation {unknown}
 s - a potion of brilliance
Books
 c - a book of Maledictions

   Spells                             Type                      Level
   a - Corona                         Hexes                        1
   b - Ensorcelled Hibernation        Hexes/Ice                    2
   c - Confuse                        Hexes                        3
   d - Tukima's Dance                 Hexes                        3
   e - Dazzling Spray                 Conjuration/Hexes            3
Comestibles
 d - 3 bread rations
 h - a royal jelly
 n - 5 chunks of flesh


   Skills:
 + Level 1.7 Short Blades
 - Level 1.7 Dodging
 + Level 4.1 Stealth
 + Level 2.7 Spellcasting
 + Level 4.1 Hexes
 + Level 0.7 Ice Magic


You had one spell level left.
You knew the following spells:

 Your Spells              Type           Power        Failure   Level  Hunger
a - Corona                Hex            ####...      1%          1    None
b - Ensorcelled Hibernat  Hex/Ice        ###...       1%          2    ##.....
c - Confuse               Hex            ####....     1%          3    ###....


Dungeon Overview and Level Annotations

Branches:
Dungeon (2/15)

Altars:


Innate Abilities, Weirdness & Mutations

You cannot be hasted, slowed, berserked, paralysed or teleported.
You can dig through walls and to a lower floor.
Your four strong arms can wield two-handed weapons with a shield.
You have a pair of large antennae on your head. (SInv)


Message History

a - a +1 dagger (weapon)
* * * LOW HITPOINT WARNING * * *
You feel sick. The adder bites you.
* * * LOW HITPOINT WARNING * * *
You are more poisoned.
The adder poisons you!
Casting: Ensorcelled Hibernation
Confirm with . or Enter, or press ? or * to list all spells.
Okay, then.
It was a potion of brilliance.
You feel clever all of a sudden.
* * * LOW HITPOINT WARNING * * *
You feel sick. The adder bites you but does no damage.
Casting: Ensorcelled Hibernation
Confirm with . or Enter, or press ? or * to list all spells.
Aiming: Ensorcelled Hibernation
Press: ? - help, Shift-Dir - straight line, f - adder
Aim: an adder (chance to defeat MR: 62%)
The adder resists with significant effort.
You die...

# ###### #.######..^.#
#......(....#
#...........####
........†.......
................
#.######....##. #.
####S...# #.###..@#...##
#....###........
###..#.#....####
#.#.⌠.#...#
########..#.#....########
#.........###............
#........................
#.........##.............
#........................


You could see an adder.

Vanquished Creatures
  A worm (D:2)
  A dart slug (D:1)
  2 leopard geckos (D:2)
  4 bats
  2 giant cockroaches (D:1)
  7 goblins
  5 hobgoblins
  A quokka (D:2)
  2 frilled lizards
  5 kobolds
  A leopard gecko skeleton (D:2)
  7 rats
38 creatures vanquished.

Notes
Turn   | Place    | Note
-------+----------+-------------------------------------------
     0 | D:1      | mopl the Formicid Enchanter began the quest for the Orb.
     0 | D:1      | Reached XP level 1. HP: 13/13 MP: 3/3
   312 | D:1      | Reached XP level 2. HP: 9/19 MP: 5/5
   474 | D:1      | Learned a level 2 spell: Ensorcelled Hibernation
   778 | D:1      | Reached skill level 4 in Stealth
   780 | D:1      | Reached XP level 3. HP: 24/24 MP: 1/6
   832 | D:1      | Learned a level 3 spell: Confuse
   942 | D:2      | Reached skill level 4 in Hexes
  1606 | D:2      | HP: 1/24 [poisoned by an adder]
  1607 | D:2      | Succumbed to an adder's poison

Vault maps used:
D:1:      lemuel_arrival_hallway, hangedman_decor_push
D:2:      st_stairs_11, grunt_decor_one_mirror

Skill      XL: |  1  2  3 |
---------------+----------+-----
Stealth        | 4 |  4.1
Hexes          | 4 |  4.1
Short Blades   | |  1.7
Dodging        | |  1.7
Spellcasting   | |  2.7
Ice Magic      | |  0.7

Action                   || total
-------------------------++-------
Melee: Short sword       ||    49
       Dagger            ||    46
       Great sword       ||    19
 Cast: Ensorcelled Hiber ||    13
       Corona            ||     3
  Use: Potion            ||     1
 Stab: Sleeping          ||     9
  Eat: Chunk             ||     3
Armor: Robe              ||    27
Dodge: Dodged            ||    89
Block: Other             ||    21
       Rpst.: Great sword ||    11

Table legend:
 A = Spawn XP
 B = Non-spawn XP
 C = Spawn XP percentage of total XP
 D = Spawn monster count
 E = Non-spawn monster count
 F = Spawn count percentage of total count
 G = Total turns spent on level
                    A         B        C        D         E        F      G
               +---------+---------+-------+---------+---------+-------+---------
         Total |       0 |      66 |   0.0 |       0 |      38 |   0.0 |  1607
               +---------+---------+-------+---------+---------+-------+---------
           D:1 |       0 |      30 |   0.0 |       0 |      18 |   0.0 |  1072
           D:2 |       0 |      36 |   0.0 |       0 |      20 |   0.0 |   535
               +---------+---------+-------+---------+---------+-------+---------
